 Dungeon Crawl Stone Soup version 0.19-a0-860-g5c370dd (webtiles) character file.

15 4thArraOfDagon the Ducker (level 2, -4/14 HPs)
             Began as a Felid Monk on July 2, 2016.
             Slain by 4thArraOfDagon's ghost (10 damage)
             ... on level 4 of the Dungeon.
             The game lasted 00:01:37 (411 turns).

4thArraOfDagon the Ducker (Felid Monk)               Turns: 411, Time: 00:01:38

Health: -4/14      AC:  1    Str:  7    XL:     2   Next: 34%
Magic:  3/3        EV: 14    Int: 11    God:
Gold:   78         SH:  0    Dex: 18    Spells: 0 memorised, 1 level left
                                        Lives:  0   Deaths: 0

rFire  . . .     SeeInvis +       - Unarmed
rCold  . . .     Gourm    .     (armour unavailable)
rNeg   . . .     Faith    .     (shield unavailable)
rPois  .         Spirit   .     (helmet unavailable)
rElec  .         Dismiss  .     (cloak unavailable)
rCorr  .         Reflect  .     (gloves unavailable)
SustAt .         Harm     .     (boots unavailable)
MR     .....                    (no amulet)
Stlth  +++.......               (no ring)
                                (no ring)

@: quick, not resistant to hostile enchantments, fairly stealthy
A: no armour, no weapons or thrown items, claws 1, fangs 3, see invisible,
carnivore 3, speed 1, shaggy fur 1, slow metabolism 1, sharp paws
a: no special abilities


You were on level 4 of the Dungeon.
You were completely stuffed.

You visited 1 branch of the dungeon, and saw 4 of its levels.

You collected 78 gold pieces.

Inventory:

Wands
 i - a wand of digging (7/24)
Scrolls
 b - a scroll of fear {unknown}
 c - a scroll of identify {unknown}
 h - a scroll of enchant weapon {unknown}
Potions
 d - a potion of invisibility {unknown}
 e - a potion of curing {unknown}
 f - a potion of agility {unknown}
 g - a potion of heal wounds {unknown}
Comestibles
 a - 2 meat rations


   Skills:
 - Level 3.0 Fighting
 - Level 4.0 Dodging
 + Level 3.0 Stealth
 * Level 3.6 Unarmed Combat


You had one spell level left.
You didn't know any spells.

Dungeon Overview and Level Annotations

Branches:
Dungeon (4/15)
 Temple: D:4-7

Altars:
Kikubaaqudgha

Annotations:
D:4 4thArraOfDagon's ghost, amateur FeMo


Innate Abilities, Weirdness & Mutations

You cannot wear armour.
You are incapable of wielding weapons or throwing items.
You have sharp claws.
You have razor-sharp teeth.
You have supernaturally acute eyesight. (SInv)
You are carnivorous and can eat meat at any time.
You cover ground quickly.
You are covered in fur. (AC +1)
You have a slow metabolism.
Your sharp claws are effective at attacking unaware monsters.


Message History

Unknown command.
Unknown command.
Unknown command.
An adder skeleton comes into view.
The adder skeleton moves out of view. 4thArraOfDagon's ghost hits you!
Ouch! That really hurt!
Unknown command.
Unknown command.
Unknown command.
The phantom blinks! 4thArraOfDagon's ghost stares at you.
Unknown command. 4thArraOfDagon's ghost closely misses you.
Unknown command.
Unknown command. 4thArraOfDagon's ghost dodges and says, "Too slow!"
There is a stone staircase leading up here. 4thArraOfDagon's ghost hits you!
Ouch! That really hurt!
You die...

............#.......(.#
............#.........#
.....########.........'.
.....# #....##.###..
###### #....#### ..
#.......# #.......#
#...W...# #...@.###
#.....# ............#
............#
............#
.....##...### .....
##### .... ####


You could see 4thArraOfDagon's ghost.

Vanquished Creatures
  2 giant cockroaches (D:1)
  A goblin (D:1)
  A hobgoblin (D:1)
  4 jackals (D:3)
  2 kobolds
  A bat (D:3)
  2 rats
13 creatures vanquished.

Notes
Turn   | Place    | Note
-------+----------+-------------------------------------------
     0 | D:1      | 4thArraOfDagon the Felid Monk began the quest for the Orb.
     0 | D:1      | Reached XP level 1. HP: 10/10 MP: 2/2
    65 | D:1      | magipi: these felids are not very promising
   267 | D:3      | Reached XP level 2. HP: 14/14 MP: 3/3
   295 | D:3      | Found an ancient bone altar of Kikubaaqudgha.
   343 | D:4      | Noticed a phantom
   393 | D:4      | Noticed 4thArraOfDagon's ghost (amateur FeMo)
   411 | D:4      | Slain by 4thArraOfDagon's ghost

Vault maps used:
D:1:      dpeg_arrival_more_subterranean_lakeside_camping, minmay_tetromino_s4
D:2:      tgw_fedhas, hangedman_abyss_or_decor_stabs, lightli_corner_chamber
D:3:      kiku_gazebo_garden_becter, makhleb_blood_cavern_becter,
          gammafunk_pakellas_cloud_experiment
D:4:      minmay_goblin_kobold_castle, grunt_gozag_statues, item_on_display_a,
          uniq_eustachio

Skill      XL: |  1  2 |
---------------+-------+-----
Stealth        | 3 |  3.0
Fighting       | |  3.0
Dodging        | |  4.0
Unarmed Combat | |  3.6

Action                   || total
-------------------------++-------
Melee: Unarmed           ||    24
       Punch             ||     1
       Bite              ||     1
 Stab: Sleeping          ||     3
  Eat: Chunk             ||     6
Dodge: Dodged            ||    18
